 Dungeon Crawl Stone Soup version 0.23.0 (webtiles) character file.

Game seed: 13617132651213437432

107 LostNumber the Shield-Bearer (level 4, -6/30 HPs)
             Began as a Gargoyle Fighter on Feb 16, 2019.
             Killed from afar by an orc wizard (10 damage)
             ... with a magic dart
             ... on level 2 of the Dungeon.
             The game lasted 00:01:50 (1458 turns).

LostNumber the Shield-Bearer (Gargoyle Fighter)     Turns: 1458, Time: 00:01:51

Health: -6/30      AC: 10    Str: 20    XL:     4   Next: 85%
Magic:  4/4        EV:  7    Int:  9    God:
Gold:   48         SH:  9    Dex:  9    Spells: 3/3 levels left

rFire    . . .     SeeInvis .   a - +0 flail
rCold    . . .     Gourm    .   c - +0 shield
rNeg     + . .     Faith    .   b - +0 scale mail
rPois    ∞         Spirit   .   (no helmet)
rElec    +         Reflect  .   (no cloak)
rCorr    .         Harm     .   (no gloves)
MR       .....                  (no boots)
Stlth    ..........             (no amulet)
HPRegen  0.10/turn              (no ring)
MPRegen  0.09/turn              (no ring)

@: drained
A: negative energy resistance 1, electricity resistance, unbreathing,
petrification resistance, rot immunity, AC +3
a: no special abilities


You were on level 2 of the Dungeon.
You were not hungry.

You visited 1 branch of the dungeon, and saw 3 of its levels.

You collected 48 gold pieces.

Inventory:

Hand Weapons
 a - a +0 flail (weapon)
Armour
 b - a +0 scale mail (worn)
 c - a +0 shield (worn)
Jewellery
 k - an uncursed ring of fire {unknown}
   (You found it on level 2 of the Dungeon)
Scrolls
 g - a scroll of magic mapping {unknown}
 j - 2 scrolls of identify {unknown}
 l - a scroll of enchant armour {unknown}
Potions
 d - a potion of might
 h - 2 potions of mutation {unknown}
 i - 2 potions of flight {unknown}
Comestibles
 e - 3 rations {!d}
 f - 4 chunks of flesh


   Skills:
 + Level 4.3(3.4) Fighting
 + Level 3.1(2.3) Maces & Flails
 - Level 3.2(2.4) Armour
 + Level 4.3(3.4) Shields


You had 3 spell levels left.
You didn't know any spells.
Your spell library contained the following spells:

 Spells                   Type           Power        Failure   Level  Hunger
 Animate Skeleton         Necr           N/A          99%         1    ##.....
 Apportation              Tloc           #.....       99%         1    ##.....
 Confusing Touch          Hex            #.....       99%         1    ##.....
 Summon Small Mammal      Summ           #...         99%         1    ##.....


Dungeon Overview and Level Annotations

Branches:
Dungeon (3/15)

Altars:
Ashenzari


Innate Abilities, Weirdness & Mutations

You are resistant to torment.
Your stone body is resilient. (AC +3)
You are immune to poison.
You resist negative energy. (rN+)
You are resistant to electric shocks. (rElec)
You can survive without breathing.
You are immune to petrification.
You are immune to rotting.


Message History

No target in view!
There is a stone staircase leading down here.
You climb downwards. 3 orcs, an orc priest and an orc wizard come into view.
The orc shouts!
The orc wizard shouts!
The orc shouts!
The orc priest shouts!
The orc shouts!
Found a ration and 6 gold pieces.
There is a stone staircase leading up here.
There are monsters nearby!
The orc wizard hits you but does no damage.
The orc priest invokes the aid of Beogh against you.
Beogh smites you!
You climb upwards.
There is a stone staircase leading down here.
You hit the orc wizard.
The orc wizard hits you but does no damage.
You hit the orc wizard but do no damage.
The orc wizard hits you but does no damage.
You hit the orc wizard.
The orc wizard hits you but does no damage.
You block the orc wizard's attack.
You barely miss the orc wizard. The orc wizard casts a spell at you.
The puff of flame hits you!
* * * LOW HITPOINT WARNING * * *
You sock the orc wizard!
The orc wizard mumbles some strange words.
The orc wizard flickers and vanishes!
Deactivating autopickup; reactivate with Ctrl-A.
You hit something. Something hits you but does no damage.
Something hits you but does no damage.
You miss something.
You hear some strange, mumbled words.
A magic dart appears from out of thin air!
The magic dart hits you.
* * * LOW HITPOINT WARNING * * *
You closely miss something. You block something's attack.
Something hits you but does no damage.
Some of the chunks of flesh in your inventory have rotted away.
You miss something.
You hear some strange, mumbled words.
A puff of frost appears from out of thin air!
The puff of frost hits you.
* * * LOW HITPOINT WARNING * * *
You miss something.
You hear some strange, mumbled words.
A magic dart appears from out of thin air!
The magic dart hits you!
You die...

#.....#.# #..###........#
#####...###......###..###
##........######.##
##..####.#.####...#
#..##..).#..##..### ##
#.###.####(.#..## .#
#.##..# ###...## .#
#.##.####.....## .#
##.....{@..##...#
.########....#########<.##
.##.....>...## ##.......#
....#......## ##..#####.#
.###.....### #..## #.#
.......### #.## #.#
##....## #.# #.#
.<.##..### ##.# #.###
..####...## #..# #)..#


There were no monsters in sight!

Vanquished Creatures
  Jessica (D:2)
  An adder (D:1)
  2 oozes (D:1)
  4 worms (D:2)
  4 leopard geckos
  2 giant cockroaches (D:1)
  7 goblins
  4 hobgoblins
  3 jackals (D:2)
  2 ball pythons
  5 bats
  3 frilled lizards
  6 kobolds
  5 rats
49 creatures vanquished.

Notes
Turn   | Place    | Note
-------+----------+-------------------------------------------
     0 | D:1      | LostNumber the Gargoyle Fighter began the quest for the
                  | Orb.
     0 | D:1      | Reached XP level 1. HP: 14/14 MP: 1/1
    83 | D:1      | Reached XP level 2. HP: 18/19 MP: 2/2
   386 | D:1      | Reached XP level 3. HP: 24/24 MP: 3/3
   954 | D:2      | Noticed Jessica
   973 | D:2      | Found a shattered altar of Ashenzari.
   976 | D:2      | Killed Jessica
   976 | D:2      | Reached XP level 4. HP: 21/29 MP: 4/4
  1458 | D:2      | Killed from afar by an orc wizard

Skill      XL: |  1  2  3 |
---------------+----------+-----
Fighting       | 4 |  4.3
Maces & Flails | 3 |  3.1
Shields        | 4 |  4.3
Armour         | |  3.2

Action                   |  1- 3 |  4- 6 || total
-------------------------+-------+-------++-------
Melee: Flail             |   109 |   108 ||   217
  Eat: Chunk             |       |     2 ||     2
Armor: Scale mail        |    56 |    61 ||   117
Dodge: Dodged            |    45 |    30 ||    75
Block: Shield            |    61 |    60 ||   121
